 Dungeon Crawl Stone Soup version 0.28-a0-1524-ge72afd5fc6 (webtiles) character file.

Game seed: 16207910381106217653

28131 HallandMoats the Fighter (level 13, 0/108 HPs)
             Began as a Demonspawn Fighter on Jan 18, 2022.
             Was a High Priest of Jiyva.
             Slain by a skeletal warrior (14 damage)
             ... led by a skeletal warrior
             ... on level 14 of the Dungeon.
             The game lasted 00:19:30 (9725 turns).

HallandMoats the Fighter (Demonspawn Fighter)       Turns: 9725, Time: 00:19:31

Health: 0/108      AC: 10    Str: 21    XL:     13   Next: 8%
Magic:  7/7        EV: 21    Int: 11    God:    Jiyva [*****.]
Gold:   544        SH: 11    Dex: 16    Spells: 12/12 levels left

rFire   + + .      SeeInvis .   b - +12 flail "Veixu" {antimagic, rF+ rN+}
rCold   . . .      Faith    .   c - +0 buckler
rNeg    + . .      Spirit   .   l - +0 troll leather armour
rPois   .          Reflect  +   (helmet restricted)
rElec   .          Harm     .   C - +1 cloak {rCorr}
rCorr   +          Rampage  .   (no gloves)
Will    .....                   (boots unavailable)
Stlth   ++........              u - amulet of reflection
HPRegen 2.52/turn               D - ring of protection from fire
MPRegen 0.55/turn               (no ring)

@: mighty, agile
A: antennae 2, icy blue scales 1, foul stench 2, powered by pain 3, hooves 3,
agile 2, wild magic 1, gelatinous body 1, translucent skin 3, tendrils, jelly
sensing items
a: Renounce Religion, Oozemancy, Slimify


You were on level 14 of the Dungeon.
You worshipped Jiyva.
Jiyva was extremely pleased with you.
You visited 1 branch of the dungeon, and saw 14 of its levels.

You collected 544 gold pieces.

Inventory:

Hand Weapons
 a - a +2 scimitar of flaming
 b - the +12 flail "Veixu" (weapon) {antimagic, rF+ rN+}
   (You found it on level 4 of the Dungeon)

   It reduces the magical energy of the wielder, and disrupts the spells and
   magical abilities of those it strikes.
   Natural abilities and divine invocations are not affected.
   rF:        It protects you from fire.
   rN:        It protects you from negative energy.
 v - a +0 vampiric war axe
Missiles
 q - 5 throwing nets (quivered)
Armour
 c - a +0 buckler (worn)
 l - a +0 troll leather armour (worn)
 n - the +2 leather armour "Acorph" {rPois Dex+6 Stlth+}
   (You found it on level 12 of the Dungeon)

   Dex:       It affects your dexterity (+6).
   rPois:     It protects you from poison.
   Stlth:     It makes you more stealthy.
 w - the +3 salamander hide armour {Flames rF++ rC--}
   (You found it on level 12 of the Dungeon)

   It surrounds you with a cloud of flames.
   It grants immunity to clouds of flame.
   It enhances your fire magic.
   rF:        It greatly protects you from fire.
   rC:        It makes you very vulnerable to cold.
 A - a +1 chain mail of cold resistance
 C - a +1 cloak of preservation (worn)
Jewellery
 m - an amulet of the acrobat
 u - an amulet of reflection (around neck)
 D - a ring of protection from fire (left hand)
Wands
 s - a wand of acid (6)
 B - a wand of digging (11)
Scrolls
 e - 2 scrolls of teleportation
 h - 4 scrolls of immolation
 k - a scroll of magic mapping
 r - 3 scrolls of amnesia
 x - 3 scrolls of silence {unknown}
 y - 2 scrolls of identify
 E - a scroll of enchant weapon {unknown}
Potions
 d - a potion of heal wounds
 f - 3 potions of attraction {unknown}
 g - 4 potions of mutation {unknown}
 i - a potion of haste {unknown}
 j - a potion of cancellation {unknown}
 o - 2 potions of degeneration {unknown}
 p - 3 potions of lignification {unknown}
 z - a potion of flight {unknown}
 F - a potion of berserk rage {unknown}
Miscellaneous
 t - a phantom mirror


   Skills:
 * Level 12.0 Fighting
 * Level 10.8 Long Blades
 + Level 7.9 Armour
 + Level 7.5 Dodging
 - Level 6.0 Shields
 * Level 11.1 Invocations


You had 12 spell levels left.
You didn't know any spells.
Your spell library contained the following spells:

 Spells                   Type           Power      Damage    Failure   Level
 Animate Skeleton         Necr           0%         N/A       54%         1
 Apportation              Tloc           0%         N/A       54%         1
 Summon Small Mammal      Summ           0%         N/A       54%         1
 Confusing Touch          Hex            0%         N/A       88%         3
 Olgreb's Toxic Radiance  Pois           0%         N/A       99%         4
 Summon Ice Beast         Ice/Summ       0%         N/A       99%         4
 Summon Mana Viper        Hex/Summ       0%         N/A       100%        5
 Yara's Violent Unravell  Hex/Tmut       0%         3d3       100%        5
 Enfeeble                 Hex            0%         N/A       100%        7
 Monstrous Menagerie      Summ           0%         N/A       100%        7
 Ozocubu's Refrigeration  Ice            0%         4d5       100%        7
 Ignition                 Fire           0%         3d3       100%        8


Dungeon Overview and Level Annotations

Branches:
Dungeon (14/15)              Lair (0/6) D:10            Orc (0/2) D:12
 Vaults (0/5) D:14
 Temple: D:4-7

Altars:
Dithmenos
Beogh
Jiyva

Shops:
D:2 (   D:13 [

Annotations:
D:7 2 transporters


Innate Abilities, Weirdness & Mutations

You have a pair of antennae on your head.
You are partially covered in icy blue scales. (AC +2)
You sometimes emit foul miasma when damaged in melee.
You are powered by pain.
You have hooves in place of feet.
You are very agile. (Dex +4)
Your spells are a little harder to cast, but a little more powerful.
Your rubbery body absorbs attacks. (AC +1, EV +1)
Your transparent skin significantly reduces your foes' accuracy. (Stealth+)
You are covered in slimy tendrils that may disarm your opponents.
You have a small jelly attached to you that senses nearby items.


Message History

The brown ugly thing kicks the slime creature!
The slime creature is splashed with acid.
The acid corrodes the slime creature!
Unknown command.
You sock the skeletal warrior! You kick the skeletal warrior.
The skeletal warrior is moderately damaged.
You block the skeletal warrior's attack.
The slime creature hits the brown ugly thing!
The brown ugly thing kicks the slime creature!
The slime creature is splashed with acid.
The white ugly thing trunk-slaps the slime creature.
The white ugly thing freezes the slime creature!!
The slime creature dies!
You block the skeletal warrior's attack.
You sock the skeletal warrior!
The skeletal warrior is heavily damaged.
The skeletal warrior hits you.
The brown ugly thing basks in the mutagenic energy from its kin and changes!
You sock the skeletal warrior!
The skeletal warrior is severely damaged.
The skeletal warrior closely misses you.
You block the white ugly thing's attack.
Unknown command.
Unknown command.
You sock the skeletal warrior! Your kick misses the skeletal warrior.
The skeletal warrior is severely damaged.
The skeletal warrior hits you!
You emit a cloud of foul miasma!
The white ugly thing claws you! The white ugly thing freezes you!
You block the white ugly thing's attack.
The skeletal warrior hits you!
You hit the skeletal warrior but do no damage.
You kick the skeletal warrior, but do no damage.
The skeletal warrior is severely damaged.
The white ugly thing claws you! The white ugly thing freezes you!!
* * * LOW HITPOINT WARNING * * *
You focus on the pain.
You feel mightier all of a sudden.
The white ugly thing completely misses you.
The skeletal warrior hits you!
You die...

##.## #.......# #.. ##
##.## ##.≈..≈..# #.. .#
#..# #### #..≈≈≈..## ##.
.# ##.####..#####.≈.J≈.##
#. .####.##
#......###.....# ##
..##..# #........#...###
..#..### #.........#.##
.....^.###.....u.....# #
...............u@....# #
.######........z....## #
.# ###........#..# # .#
#......#....# ## .#
#....######.#########..#.
.# ######
###...........#. .#
##.....J.......#. .#
..............#.. .#
.............##..


You could see 2 ugly things, a skeletal warrior and a neutral jelly
(wandering)(fellow slime).

Vanquished Creatures
  Harold (D:9)
  2 boulder beetles
  7 two-headed ogres
  A tengu warrior (D:13)
  A salamander mystic (D:12)
  A skeletal warrior (D:14)
  Pikel (D:4)
  A salamander (D:12)
  5 ugly things (D:14)
  Maurice (D:11)
  Psyche (D:9)
  Maggie (D:7)
  A gargoyle (D:10)
  A kobold demonologist (D:13)
  A yaktaur (D:14)
  2 tengu conjurers
  6 trolls
  A shadow (D:12)
  A wyvern (D:9)
  19 yaks
  3 wraiths
  A vampire (D:11)
  16 humans (D:14)
  A vampire mosquito (D:8)
  Menkaure (D:7)
  An acid dragon (D:8)
  5 orc warriors
  An ice beast (D:7)
  2 sky beasts
  A black bear (D:7)
  A necrophage (D:5)
  3 ogres
  4 centaurs
  2 wolves (D:10)
  A kobold brigand (D:7)
  2 wyvern zombies
  4 bullfrogs
  2 gnoll sergeants
  2 scorpions
  8 killer bees (D:9)
  9 wights
  10 electric eels
  4 howler monkeys
  4 centaur zombies
  Crazy Yiuf (D:7)
  6 hounds
  4 orc priests
  A centaur skeleton (D:7)
  A bullfrog skeleton (D:5)
  5 iguanas
  A scorpion zombie (D:5)
  6 orc wizards
  2 hound skeletons (D:5)
  A howler monkey zombie (D:6)
  3 adders
  11 gnolls
  A white imp (D:6)
  A worm (D:4)
  A dart slug (D:4)
  47 orcs
  3 endoplasms (D:1)
  2 giant cockroaches
  9 goblins
  4 hobgoblins (D:3)
  A jackal (D:3)
  8 kobolds
  3 quokkas
  6 ball pythons
  4 bats
  A frilled lizard (D:1)
  7 rats
283 creatures vanquished.

Vanquished Creatures (collateral kills)
  Kirke (D:12)
  A vault guard (D:14)
  A two-headed ogre (D:12)
  A wizard (D:14)
  A deep elf archer (D:14)
  An ugly thing (D:11)
  A hog (D:12)
  3 humans (D:14)
10 creatures vanquished.

Vanquished Creatures (others)
  A boulder beetle (D:12)
  A two-headed ogre (D:12)
  A skeletal warrior (D:14)
  A cyclops (D:12)
  4 slime creatures
  2 humans (D:14)
  A basilisk (D:12)
  An ice beast (D:5)
  A necrophage (D:5)
  4 centaurs
  A scorpion (D:6)
  A water moccasin skeleton (D:5)
  35 jellies
  A howler monkey (D:12)
  2 hounds
  An orc priest (D:7)
  An iguana (D:6)
  3 orc wizards
  A hound skeleton (D:5)
  5 adders
  A gnoll (D:6)
  An ufetubus (D:6)
  A worm (D:2)
  8 orcs
  A ball python (D:1)
  A bat (D:2)
  4 endoplasms
  2 hobgoblins
  5 jackals
  A quokka (D:2)
  A frilled lizard (D:2)
  A kobold (D:2)
  3 rats (D:2)
98 creatures vanquished.

Grand Total: 391 creatures vanquished

Notes
Turn   | Place    | Note
-------+----------+-------------------------------------------
     0 | D:1      | HallandMoats the Demonspawn Fighter began the quest for the
                  | Orb.
     0 | D:1      | Reached XP level 1. HP: 18/18 MP: 1/1
   334 | D:1      | Gained mutation: You are partially covered in icy blue
                  | scales. (AC +2) [demonic ancestry]
   334 | D:1      | Reached XP level 2. HP: 19/24 MP: 2/2
   614 | D:1      | Found a faded altar of an unknown god.
   625 | D:1      | Prayed at the altar of an unknown god.
   625 | D:1      | Became a worshipper of Jiyva Jeapet the Shapeless
   625 | D:1      | Reached * piety under Jiyva
   996 | D:2      | Found Yfu Kacw's Weapon Boutique.
  1094 | D:2      | Reached ** piety under Jiyva
  1181 | D:2      | Gained mutation: You have a pair of small antennae on your
                  | head. [demonic ancestry]
  1181 | D:2      | Reached XP level 3. HP: 29/29 MP: 3/3
  1428 | D:3      | Reached skill level 1 in Dodging
  1443 | D:3      | Gained mutation: You sometimes gain a little power by
                  | taking damage. [demonic ancestry]
  1443 | D:3      | Reached XP level 4. HP: 29/37 MP: 4/4
  1876 | D:4      | Noticed Pikel
  1876 | D:4      | Noticed a lemure
  1876 | D:4      | Noticed a lemure
  1876 | D:4      | Found a shadowy altar of Dithmenos.
  1877 | D:4      | Noticed a lemure
  1878 | D:4      | Noticed a lemure
  1886 | D:4      | Killed Pikel
  1887 | D:4      | Reached skill level 5 in Fighting
  1887 | D:4      | Gained mutation: You sometimes gain power by taking damage.
                  | [demonic ancestry]
  1887 | D:4      | Reached XP level 5. HP: 12/44 MP: 5/5
  1887 | D:4      | Gained mutation: You may rarely emit foul miasma when
                  | damaged in melee. [demonic ancestry]
  1887 | D:4      | Reached XP level 6. HP: 14/51 MP: 6/6
  1887 | D:4      | Reached XP level 7. HP: 15/56 MP: 7/7
  2018 | D:4      | Identified the +12 flail "Veixu" {antimagic, rF+ rN+}
  2223 | D:4      | Reached *** piety under Jiyva
  2241 | D:4      | Gained mutation: You have a pair of antennae on your head.
                  | [Jiyva's grace]
  2241 | D:4      | Gained mutation: You have a pair of large antennae on your
                  | head. (SInv) [Jiyva's grace]
  2241 | D:4      | Gained mutation: Your mind is acute. (Int +2) [Jiyva's
                  | grace]
  2241 | D:4      | Gained mutation: Your mind is very acute. (Int +4) [Jiyva's
                  | grace]
  2638 | D:5      | Entered Level 5 of the Dungeon
  2701 | D:5      | Reached **** piety under Jiyva
  2730 | D:5      | Mutation became permanent: You have a pair of antennae on
                  | your head. [demonic ancestry]
  2730 | D:5      | Gained mutation: You have a pair of large antennae on your
                  | head. (SInv) [demonic ancestry]
  2730 | D:5      | Reached XP level 8. HP: 64/64 MP: 2/8
  2755 | D:5      | Reached skill level 5 in Long Blades
  2759 | D:5      | Reached skill level 6 in Fighting
  3176 | D:6      | Reached ***** piety under Jiyva
  3372 | D:6      | You fall into a shaft and drop 2 floors!
  3390 | D:7      | Noticed Maggie
  3432 | D:7      | Killed Maggie
  3433 | D:7      | Reached skill level 7 in Fighting
  3433 | D:7      | Reached XP level 9. HP: 55/72 MP: 9/9
  3536 | D:7      | Found a runed translucent door.
  3537 | D:7      | Noticed Crazy Yiuf
  3607 | D:7      | Gained mutation: You have a small jelly attached to you
                  | that senses nearby items. [Jiyva's grace]
  3607 | D:7      | Gained mutation: Your translucent skin slightly reduces
                  | your foes' accuracy. (Stealth+) [Jiyva's grace]
  3607 | D:7      | Gained mutation: Your translucent skin reduces your foes'
                  | accuracy. (Stealth+) [Jiyva's grace]
  3607 | D:7      | Gained mutation: Your transparent skin significantly
                  | reduces your foes' accuracy. (Stealth+) [Jiyva's grace]
  3614 | D:7      | Noticed Menkaure
  3622 | D:7      | Killed Menkaure
  3773 | D:7      | Reached skill level 5 in Shields
  3775 | D:7      | Reached skill level 5 in Armour
  3806 | D:7      | Found a transporter.
  3940 | D:7      | Found a transporter.
  4179 | D:7      | Killed Crazy Yiuf
  4224 | D:8      | Noticed a two-headed ogre
  4233 | D:8      | Killed a two-headed ogre
  4234 | D:8      | Reached skill level 8 in Fighting
  4357 | D:8      | Reached XP level 10. HP: 75/81 MP: 3/10
  4485 | D:8      | Noticed a two-headed ogre
  4649 | D:8      | Reached skill level 5 in Dodging
  4649 | D:8      | Reached skill level 1 in Invocations
  4835 | D:8      | Killed a two-headed ogre
  4836 | D:8      | Reached skill level 9 in Fighting
  4901 | D:9      | Noticed Psyche
  4910 | D:9      | Killed Psyche
  5057 | D:9      | Noticed Harold
  5072 | D:9      | Killed Harold
  5222 | D:9      | Reached skill level 5 in Invocations
  5647 | D:9      | Gained mutation: You sometimes emit foul miasma when
                  | damaged in melee. [demonic ancestry]
  5647 | D:9      | Reached XP level 11. HP: 81/89 MP: 4/14
  6221 | D:10     | Entered Level 10 of the Dungeon
  6229 | D:10     | Reached ****** piety under Jiyva
  6273 | D:10     | Identified the +4 quarterstaff of Hacking and Slashing
                  | {freeze, rCorr}
  6364 | D:10     | Found a staircase to the Lair.
  6488 | D:10     | Lost mutation: Your mind is very acute. (Int +4) [Jiyva's
                  | grace]
  6488 | D:10     | Gained mutation: You are covered in slimy tendrils that may
                  | disarm your opponents. [Jiyva's grace]
  6488 | D:10     | Gained mutation: You are agile. (Dex +2) [Jiyva's grace]
  6488 | D:10     | Gained mutation: You are very agile. (Dex +4) [Jiyva's
                  | grace]
  6488 | D:10     | Gained mutation: Your spells are a little harder to cast,
                  | but a little more powerful. [Jiyva's grace]
  6648 | D:10     | Noticed a two-headed ogre
  6653 | D:10     | Slimified a two-headed ogre
  6653 | D:10     | a two-headed ogre changed into a slime creature
  7020 | D:11     | Noticed a two-headed ogre
  7024 | D:11     | Slimified a two-headed ogre
  7024 | D:11     | a two-headed ogre changed into a slime creature
  7056 | D:11     | Noticed a white ugly thing
  7068 | D:11     | Killed a white ugly thing
  7069 | D:11     | Reached skill level 10 in Fighting
  7175 | D:11     | Noticed Maurice
  7185 | D:11     | Killed Maurice
  7215 | D:11     | Noticed a two-headed ogre
  7221 | D:11     | Killed a two-headed ogre
  7222 | D:11     | Noticed a two-headed ogre
  7226 | D:11     | Killed a two-headed ogre
  7374 | D:11     | Noticed a boulder beetle
  7385 | D:11     | Killed a boulder beetle
  7778 | D:12     | Noticed a two-headed ogre
  7779 | D:12     | Noticed a two-headed ogre
  7787 | D:12     | Killed a two-headed ogre
  7790 | D:12     | Killed a two-headed ogre
  7791 | D:12     | Reached XP level 12. HP: 72/99 MP: 6/18
  7813 | D:12     | Identified the +2 leather armour "Acorph" {rPois Dex+6
                  | Stlth+}
  7815 | D:12     | Noticed a two-headed ogre
  7821 | D:12     | Killed a two-headed ogre
  7878 | D:12     | Noticed a boulder beetle
  7880 | D:12     | Noticed Kirke
  7881 | D:12     | Killed a two-headed ogre
  7889 | D:12     | Killed a boulder beetle
  7896 | D:12     | Reached skill level 11 in Fighting
  7898 | D:12     | Killed Kirke
  8005 | D:12     | Found a staircase to the Orcish Mines.
  8081 | D:12     | Killed a boulder beetle
  8178 | D:12     | Reached skill level 10 in Long Blades
  8195 | D:12     | Found the +3 salamander hide armour {Flames rF++ rC--}
  8450 | D:13     | Found Mejiujut's Antique Armour Boutique.
  8804 | D:13     | Lost mutation: You have a pair of large antennae on your
                  | head. (SInv) [Jiyva's grace]
  8804 | D:13     | Lost mutation: Your mind is acute. (Int +2) [Jiyva's grace]
  8804 | D:13     | Gained mutation: You have large cloven feet. [Jiyva's
                  | grace]
  8804 | D:13     | Gained mutation: You have hoof-like feet. [Jiyva's grace]
  8804 | D:13     | Gained mutation: You have hooves in place of feet. [Jiyva's
                  | grace]
  8804 | D:13     | Gained mutation: Your rubbery body absorbs attacks. (AC +1,
                  | EV +1) [Jiyva's grace]
  9155 | D:13     | Noticed a tengu warrior
  9167 | D:13     | Killed a tengu warrior
  9402 | D:14     | Noticed an azure jelly
  9402 | D:14     | a white ugly thing changed into an azure jelly
  9440 | D:14     | Reached skill level 10 in Invocations
  9579 | D:14     | Found a gate to the Vaults.
  9579 | D:14     | Noticed a vault guard
  9591 | D:14     | Killed a vault guard
  9629 | D:14     | Noticed a two-headed ogre
  9635 | D:14     | Killed a two-headed ogre
  9636 | D:14     | Reached skill level 12 in Fighting
  9636 | D:14     | Gained mutation: You are powered by pain. [demonic
                  | ancestry]
  9636 | D:14     | Reached XP level 13. HP: 97/108 MP: 7/21
  9725 | D:14     | Slain by a skeletal warrior

Illustrated notes

Levels and vault maps discovered:
D:1:      tarquinn_simple_flora_water_d, layout_basic,
          ebering_ecumenical_altar_webs
D:2:      layout_loops_cross, serial_shops, nicolae_shop_bloodbath_and_beyond
D:3:      layout_rooms
D:4:      layout_gridville, lemuel_crystal_altar, uniq_pikel
D:5:      layout_basic, nicolae_figureground_sparkle
D:6:      layout_cave_pools, minmay_temple_entry_offerings,
          minmay_joined_circles
D:7:      gammafunk_steamed_eel, layout_basic, minmay_misc_feat_room,
          uniq_maggie, uniq_menkaure, uniq_crazy_yiuf_cottage
D:8:      kennysheep_big_flooded_room, layout_basic
D:9:      layout_roguey [special_room_orc], uniq_harold, uniq_psyche
D:10:     layout_roguey, erik_lair_island, minivault_4, serial_bayou_pond_e
D:11:     layout_long_grid, uniq_maurice
D:12:     layout_loops_ring, orc_0_dummy, hellmonk_guarded_unrand_salamander,
          uniq_kirke
D:13:     layout_stronghold, serial_shops, shop_statue
D:14:     layout_cave_pods, grunt_vaults_entry_tiered,
          chequers_serial_rivers_micro_c

Skill      XL: |  1  2  3  4  5  6  7  8  9 10 11 12 |
---------------+-------------------------------------+-----
Long Blades    | 2 4 6 7 8 9 10 | 10.8
Dodging        | 1 2 3 4 5 6 7 |  7.5
Armour         | 3 4 5 6 7 |  7.9
Shields        | 3 4 5 6 |  6.0
Fighting       | 5 7 8 9 10 12 | 12.0
Invocations    | 5 8 11 | 11.1

Action                   |  1- 3 |  4- 6 |  7- 9 | 10-12 | 13-15 || total
-------------------------+-------+-------+-------+-------+-------++-------
Melee: Long sword        |    94 |    50 |     7 |       |       ||   151
       Flail             |       |       |   230 |   557 |    24 ||   811
       Unarmed           |       |       |     3 |       |       ||     3
       Kick              |       |       |       |    38 |    10 ||    48
Invok: Slimify           |       |       |       |     3 |     1 ||     4
Evoke: Wand              |       |       |       |     5 |       ||     5
  Use: Potion            |       |     1 |       |       |       ||     1
       Scroll            |       |       |     5 |     1 |       ||     6
 Stab: Sleeping          |       |       |     1 |       |       ||     1
Armor: Scale mail        |    48 |    40 |    69 |       |       ||   157
       Acid dragon scale |       |       |    28 |    71 |       ||    99
       Troll leather arm |       |       |       |    54 |     3 ||    57
Dodge: Dodged            |    51 |    45 |   218 |   568 |    28 ||   910
Block: Buckler           |    26 |    16 |    79 |   358 |    22 ||   501
       Reflection        |       |       |       |    13 |       ||    13

Table legend: (Time is in decaauts)
 A = Elapsed time spent in this place.
 B = Non-inter-level travel time spent in this place.
 C = Inter-level travel time spent in this place.
 D = Time resting spent in this place.
 E = Time spent auto-exploring this place.
 F = Levels seen in this place.
 G = Mean time per level.
                   A        B        C        D        E       F      G
               +--------+--------+--------+--------+--------+-----+--------+
         Total |  10164 |   9687 |    477 |    701 |   6257 |  14 |  726.0 |
       Dungeon |  10164 |   9687 |    477 |    701 |   6257 |  14 |  726.0 |
               +--------+--------+--------+--------+--------+-----+--------+

Top non-repeatable levels by time:
     D:9: 1418 daAuts
     D:7: 927 daAuts
    D:13: 854 daAuts
    D:10: 822 daAuts
     D:1: 814 daAuts
    D:11: 802 daAuts
     D:4: 778 daAuts
     D:8: 685 daAuts
    D:12: 641 daAuts
     D:2: 578 daAuts
     D:5: 561 daAuts
    D:14: 547 daAuts
     D:3: 526 daAuts
     D:6: 206 daAuts
